 Dungeon Crawl Stone Soup version 0.31-a0-700-gf13585253f (webtiles) character file.

Game seed: 877507131650190701

1339 qw the Skirmisher (level 8, -4/51 HPs)
             Began as a Gargoyle Hunter on Sept 7, 2023.
             Killed by divine providence
             ... invoked by Jeremiah
              (11 damage)
             ... on level 6 of the Dungeon.
             The game lasted 00:02:08 (4438 turns).

qw the Skirmisher (Gargoyle Hunter)                 Turns: 4438, Time: 00:02:09

Health: -4/51      AC: 14    Str: 14    XL:     8   Next: 61%
Magic:  8/8        EV: 11    Int: 11    God:
Gold:   340        SH:  0    Dex: 15    Spells: 7/7 levels left

rFire   . . .        Y - +1 shortbow
rCold   . . .        (shield currently unavailable)
rNeg    + . .        e - +0 ring mail
rPois   inf          (no helmet)
rElec   +            b - +0 cloak
rCorr   .            j - +1 pair of gloves
SInv    .            (no boots)
Will    .....        (no amulet)
Stlth   +            (no ring)
HPRegen 0.28/turn    (no ring)
MPRegen 0.11/turn

%: no passive effects
@: no status effects
A: sickness immunity, AC +5, negative energy resistance 1, electricity
resistance, torment resistance 1, petrification resistance
a: no special abilities


You were on level 6 of the Dungeon.
You visited 2 branches of the dungeon, and saw 7 of its levels.

You collected 340 gold pieces.


Innate Abilities, Weirdness & Mutations

You are immune to sickness and miasma.
Your stone body is resilient. (AC +5)
You are immune to poison.
You resist negative energy. (rN+)
You are resistant to electric shocks. (rElec)
You are resistant to unholy torment.
You are immune to petrification.


   Skills:
 + Level 5.9 Fighting
 - Level 9.2 Ranged Weapons
 - Level 2.2 Armour
 - Level 2.4 Dodging
 - Level 1.1 Stealth


You had 7 spell levels left.
You didn't know any spells.
Your spell library was empty.

Inventory:

Hand Weapons
 Y - a +1 shortbow (weapon)
Armour
 b - a +0 cloak (worn)
 e - a +0 ring mail (worn)
 j - a +1 pair of gloves (worn)
Wands
 a - a wand of digging (1)
Scrolls
 k - 4 scrolls of identify
Potions
 c - a potion of haste
 i - a potion of resistance

Dungeon Overview and Level Annotations

Branches:
Dungeon (6/15)             Temple (1/1) D:4

Altars:
Ashenzari
Cheibriados
Dithmenos
Elyvilon
Gozag
Hepliaklqana
Kikubaaqudgha
Nemelex Xobeh
Qazlal
Ru
Sif Muna
Uskayaw
Vehumet
Wu Jian
Xom
Yredelemnul
Zin
The Shining One

Shops:
D:2 (

Annotations:
D:4 2 runed translucent doors, qw's ghost, amateur GrHu
D:6 Jeremiah


Message History

Jeremiah says, "Oh, this must be a dream.
This is totally unrealistic."
You shoot an arrow. The arrow hits the ice beast.
The ice beast is lightly wounded.
The orc hits you but does no damage. The ice beast hits you.
The ice beast freezes you.
4433 ||| DRINKING potion of heal wounds.
You feel much better.
The butterfly disappears in a burst of colours! x2
Jeremiah mumbles a slurred invocation.
Something smites you! The orc misses you. The ice beast barely misses you.
You shoot an arrow.
The arrow completely misses the ice beast.
The butterfly disappears in a burst of colours!
Jeremiah cries, "Fearful master, protect me!"
Something smites you! The orc closely misses you.
The ice beast closely misses you. Jeremiah closely misses you.
You shoot an arrow. The arrow barely misses the ice beast.
The orc hits you but does no damage.
The ice beast hits you but does no damage.
Jeremiah closely misses you.
You shoot an arrow. The arrow hits the ice beast!
The ice beast is moderately wounded.
The butterfly disappears in a burst of colours!
The orc hits you but does no damage. The ice beast closely misses you.
Jeremiah hits you but does no damage.
You shoot an arrow. The arrow hits the ice beast!
The ice beast is severely wounded.
The butterfly disappears in a burst of colours!
The orc barely misses you.
The ice beast hits you but does no damage.
Jeremiah closely misses you.
You shoot an arrow.
The arrow hits the ice beast but does no damage.
The ice beast is severely wounded.
The butterfly disappears in a burst of colours!
The orc barely misses you. The ice beast hits you. The ice beast freezes you!
Jeremiah shouts, "O dreadful one, destroy my foe!"
Something smites you!
You die...
Jeremiah wails, "I didn't mean to kill anyone!
I'm not a murderer!"

..........# #...........#
..........# #.. ...#.bb#
..........###... ##.##..#
.................#...F..#
...............#........#
#...#..........####.###.#.#
#..............####.b.#...#
###............#oY.....>...
...............#@#...........
#...........b..bbbbb.........
...............b.Fb..........
.............bb.b..bb......
......####.........####.#.#
......# #........## .#.#
....#.# #..b..b..# # ....#.#
#........+ ....#.# #........#


You could see Jeremiah, an ice beast and an orc.

Vanquished Creatures
  2 black bears
  An orc warrior (D:5)
  2 ogres
  A phantom (D:6)
  2 kobold brigands (D:5)
  A bullfrog (D:5)
  A scorpion (D:4)
  2 orc priests
  A jelly (D:4)
  2 hounds (D:4)
  2 iguanas
  A sleepcap (D:4)
  5 orc wizards
  6 adders
  A shadow imp (D:5)
  3 ufetubi
  3 dart slugs
  14 orcs
  6 bats
  A bat zombie (D:3)
  6 endoplasms
  15 giant cockroaches
  6 hobgoblins
  4 jackals (D:3)
  15 kobolds
  5 quokkas
  4 ball pythons
  2 frilled lizards
  9 goblins
  A rat (D:1)
  A butterfly (D:4)
125 creatures vanquished.

Notes
Turn   | Place    | Note
-------+----------+-------------------------------------------
     0 | D:1      | qw the Gargoyle Hunter began the quest for the Orb.
     0 | D:1      | Reached XP level 1. HP: 12/12 MP: 1/1
     0 | D:1      | 0 ||| qw: Version: 0.3-a-76-g4403597
     0 | D:1      | 0 ||| qw: Game counter: 475
     0 | D:1      | 0 ||| qw: Melee chars always use a shield: true
     0 | D:1      | 0 ||| qw: God list: Okawaru
     0 | D:1      | 0 ||| qw: Allow faded altars: false
     0 | D:1      | 0 ||| qw: Do Orc after clearing Dungeon:15 true
     0 | D:1      | 0 ||| qw: Do second Lair branch before Depths: true
     0 | D:1      | 0 ||| qw: Lair rune preference: random
     0 | D:1      | 0 ||| qw: Goals: Normal
     0 | D:1      | 0 ||| PLANNING D:1-11
   182 | D:1      | Reached XP level 2. HP: 17/17 MP: 2/2
   437 | D:1      | 437 ||| UPGRADING to +0 ring mail.
   447 | D:1      | 447 ||| DROPPING +0 leather armour.
   448 | D:1      | 448 ||| UPGRADING to +0 pair of gloves.
   453 | D:1      | 453 ||| READING scroll labelled POMNIUMUMPO.
   454 | D:1      | 454 ||| READING scroll labelled HAS VINWIZ.
   455 | D:1      | 455 ||| READING scroll labelled ZEOLIOL REMENO.
   456 | D:1      | 456 ||| DRINKING 2 yellow potions.
   457 | D:1      | 457 ||| DROPPING scroll of butterflies.
   479 | D:2      | 479 ||| STAIRDANCE
   495 | D:2      | Reached skill level 1 in Armour
   495 | D:2      | Reached XP level 3. HP: 21/21 MP: 3/3
   613 | D:2      | Found Jeism's Antique Weapon Emporium.
   618 | D:2      | 618 ||| Stepping ~*~*~tactically~*~*~ (outnumbered).
   623 | D:2      | 623 ||| Stepping ~*~*~tactically~*~*~ (outnumbered).
   625 | D:2      | 625 ||| Stepping ~*~*~tactically~*~*~ (outnumbered).
   630 | D:2      | Reached skill level 5 in Ranged Weapons
   650 | D:2      | 650 ||| SHOPLISTING glowing orcbow (117 gold, have 99).
   650 | D:2      | 650 ||| SHOPLISTING glowing triple crossbow (234 gold, have
                  | 99).
   672 | D:2      | Found a basalt altar of Yredelemnul.
   921 | D:2      | Reached XP level 4. HP: 27/27 MP: 4/4
   936 | D:2      | Reached skill level 3 in Fighting
  1098 | D:2      | 1098 ||| UPGRADING to +0 cloak.
  1103 | D:2      | 1103 ||| READING scroll labelled YTEGAO JILEOPUC.
  1104 | D:2      | 1104 ||| READING 3 scrolls labelled UREYHEY YTHRE.
  1105 | D:2      | 1105 ||| DROPPING 2 scrolls of vulnerability.
  1233 | D:3      | Found a faded altar of an unknown god.
  1276 | D:3      | Found a shadowy altar of Dithmenos.
  1277 | D:3      | Found a shimmering blue altar of Sif Muna.
  1386 | D:3      | Found an ancient bone altar of Kikubaaqudgha.
  1877 | D:3      | Found a stormy altar of Qazlal.
  1966 | D:3      | 1966 ||| DROPPING ring of flight.
  1967 | D:3      | 1967 ||| READING scroll labelled QOAV APEDDEH.
  1968 | D:3      | 1968 ||| READING scroll labelled MYS AFEFRA.
  1969 | D:3      | 1969 ||| DRINKING 2 golden potions.
  1970 | D:3      | 1970 ||| DRINKING 2 bubbling inky potions.
  1999 | D:4      | 1999 ||| STAIRDANCE
  2006 | D:4      | 2006 ||| STAIRDANCE
  2029 | D:4      | 2029 ||| READING scroll of enchant armour.
  2029 | D:4      | 2029 ||| ENCHANTING +0 pair of gloves.
  2046 | D:4      | Noticed a black bear
  2068 | D:4      | Killed a black bear
  2069 | D:4      | Reached skill level 6 in Ranged Weapons
  2069 | D:4      | Reached XP level 5. HP: 11/32 MP: 5/5
  2168 | D:4      | Reached XP level 6. HP: 37/37 MP: 6/6
  2394 | D:4      | Found a runed translucent door.
  2401 | D:4      | Noticed qw's ghost (amateur GrHu)
  2502 | D:4      | Found a staircase to the Ecumenical Temple.
  2503 | D:4      | 2503 ||| PLANNING TEMPLE
  2509 | D:4      | 2509 ||| READING scroll labelled DEPLASCH ZECWI.
  2541 | D:4      | 2541 ||| READING scroll labelled HOASTOU EWKI.
  2542 | D:4      | 2542 ||| READING 2 scrolls of identify.
  2542 | D:4      | 2542 ||| IDENTIFYING brown potion
  2550 | Temple   | Found a transporter.
  2550 | Temple   | Found a transporter.
  2550 | Temple   | Found a transporter.
  2550 | Temple   | Found a transporter.
  2550 | Temple   | Entered the Ecumenical Temple
  2551 | Temple   | 2551 ||| PLANNING D:1-11
  2596 | D:4      | Found a runed translucent door.
  2601 | D:4      | Reached skill level 7 in Ranged Weapons
  2727 | D:4      | Reached XP level 7. HP: 44/44 MP: 7/7
  2746 | D:4      | 2746 ||| READING 2 scrolls of identify.
  2746 | D:4      | 2746 ||| IDENTIFYING sedimented green potion
  2747 | D:4      | 2747 ||| DROPPING potion of attraction.
  2755 | D:5      | Entered Level 5 of the Dungeon
  2994 | D:5      | 2994 ||| DRINKING potion of curing.
  2994 | D:5      | 2994 ||| (to cure confusion)
  3002 | D:5      | HP: 8/44 [orc priest/divine providence (16)]
  3003 | D:5      | 3003 ||| DRINKING potion of heal wounds.
  3015 | D:5      | Reached skill level 8 in Ranged Weapons
  3064 | D:5      | 3064 ||| FLEEEEING.
  3216 | D:5      | Found a broken altar of Ashenzari.
  3280 | D:5      | Reached XP level 8. HP: 49/49 MP: 8/8
  3547 | D:5      | Found a glowing silver altar of Zin.
  3646 | D:5      | Found an opulent altar of Gozag.
  4178 | D:5      | 4178 ||| READING 4 scrolls of identify.
  4178 | D:5      | 4178 ||| IDENTIFYING murky dark potion
  4179 | D:5      | 4179 ||| DROPPING potion of degeneration.
  4384 | D:6      | Noticed Jeremiah
  4385 | D:6      | 4385 ||| RETREATING.
  4399 | D:6      | 4399 ||| Stepping ~*~*~tactically~*~*~ (retreating).
  4400 | D:6      | 4400 ||| Stepping ~*~*~tactically~*~*~ (retreating).
  4404 | D:6      | Reached skill level 9 in Ranged Weapons
  4432 | D:6      | HP: 8/51 [ice beast (5)]
  4433 | D:6      | 4433 ||| DRINKING potion of heal wounds.
  4438 | D:6      | HP: 7/51 [ice beast (10)]
  4438 | D:6      | Killed from afar by Jeremiah

Levels and vault maps discovered:
D:1:      dpeg_arrival_round_c, layout_rooms
D:2:      minmay_roachtagon, layout_rooms, basic_altar, serial_shops,
          nicolae_shop_overgrown_old_shop, kennysheep_decorative_pillar,
          minmay_stone_trees_small
D:3:      layout_basic, mainiacjoe_overflow_paths,
          lemuel_zombie_altar_kikubaaqudgha, grunt_temple_overflow_open,
          basic_ecumenical_altar
D:4:      layout_rooms, minmay_temple_entry_butterflies, ebering_ghost_sewer_f
D:5:      layout_basic, pdpol_temple_overflow_zin_treasury_gozag_greed,
          pf_just_have_faith
D:6:      layout_basic, hangedman_decor_clover_reticule, st_stairs_13,
          nrook_mini_backslash, minmay_misc_feat_tower,
          hangedman_abyss_or_decor_stabs, uniq_crazy_yiuf_cottage, uniq_jeremiah
Temple:   hellmonk_temple_divided_pantheon

Skill      XL: |  1  2  3  4  5  6  7  8 |
---------------+-------------------------+-----
Armour         | 1 2 |  2.2
Ranged Weapons | 5 6 7 8 9 |  9.2
Fighting       | 3 4 5 |  5.9
Dodging        | 2 |  2.4
Stealth        | |  1.1

Action                     |  1- 3 |  4- 6 |  7- 9 || total
---------------------------+-------+-------+-------++-------
   Fire: Shortbow          |   125 |   203 |   193 ||   521
    Use: Scroll            |     3 |     8 |     2 ||    13
         Potion            |     1 |     2 |     3 ||     6
 Armour: Leather armour    |    19 |       |       ||    19
         Ring mail         |    32 |   104 |   146 ||   282
  Dodge: Dodged            |    32 |   107 |   100 ||   239

Table legend:
 A = Non-vault XP
 B = Vault XP
 C = Vault XP percentage of total XP
 D = Non-vault monster count
 E = Vault monster count
 F = Vault count percentage of total count
                 A         B        C        D         E       F
            +---------+---------+-------+---------+---------+-------
      Total |    1893 |      20 |   1.0 |     114 |      10 |   8.1
            +---------+---------+-------+---------+---------+-------
        D:1 |      27 |       0 |   0.0 |      17 |       0 |   0.0
        D:2 |      68 |      18 |  20.9 |      17 |       9 |  34.6
        D:3 |      37 |       2 |   5.1 |      21 |       1 |   4.5
        D:4 |     468 |       0 |   0.0 |      21 |       0 |   0.0
        D:5 |     953 |       0 |   0.0 |      28 |       0 |   0.0
        D:6 |     340 |       0 |   0.0 |      10 |       0 |   0.0
            +---------+---------+-------+---------+---------+-------
